 Dungeon Crawl Stone Soup version 0.14-a0-1474-g1105da3 (webtiles) character file.

1476 PolkaDot the Jinx (level 8, 0/52 HPs)
             Began as a Vampire Enchanter on Dec 14, 2013.
             Slain by an orc priest
             ... wielding a +0,+1 orcish dagger
              (6 damage)
             ... on Level 5 of the Dungeon.
             The game lasted 00:38:48 (8432 turns).

PolkaDot the Jinx (Vampire Enchanter)               Turns: 8432, Time: 00:38:48

HP   0/52        AC  4     Str  7      XL: 8   Next: 46%
MP   2/13        EV 13     Int 17      God:
Gold 31          SH  0     Dex 16      Spells:  3 memorised,  5 levels left

rFire  . . .     SeeInvis +     a - +1,-3 dagger
rCold  + . .     Clarity  .     k - +1 robe
rNeg   + + .     Conserve .     (no shield)
rPois  +         rCorr    .     (no helmet)
rElec  .         rRot     +     (no cloak)
SustAb . .       Spirit   .     (no gloves)
rMut   .         Warding  .     l - +0 pair of boots
Saprov . . .     Stasis   .     (no amulet)
                                (no ring)
                                (no ring)

@: regenerating slowly, somewhat resistant to hostile enchantments, extremely
stealthy
A: bottle blood, fangs 3, see invisible, unbreathing
a: Bat Form, Bottle Blood


You were on level 5 of the Dungeon.
You were thirsty.

You visited 1 branch of the dungeon, and saw 5 of its levels.
You also visited: Sewer.

You collected 219 gold pieces.
You spent 188 gold pieces at shops.

Inventory:

Hand weapons
 a - a +1,-3 dagger (weapon)
Missiles
 d - 38 darts (quivered)
Armour
 k - a +1 robe (worn)
 l - a +0 pair of boots (worn)
 m - the +3 leather armour "Clias" {Str+2 Dex+3 Int-3}
   (You bought it in a shop on level 4 of the Dungeon)

   It affects your strength (+2).
   It affects your intelligence (-3).
   It affects your dexterity (+3).
Magical devices
 v - a wand of slowing (6)
Scrolls
 b - a scroll of recharging
 e - a scroll of remove curse
 j - a scroll of immolation
Jewellery
 f - a +3 ring of evasion {unknown}
Potions
 i - a potion of restore abilities
 n - a potion of resistance
 p - a potion of beneficial mutation
 r - a potion of flight
Books
 c - a book of Maledictions

   Spells                             Type                      Level
   *Corona                            Hexes                        1
   *Sure Blade                        Hexes/Charms                 2
   Ensorcelled Hibernation            Hexes/Ice                    2
   *Confuse                           Hexes                        3
   Enslavement                        Hexes                        4
   Invisibility                       Hexes                        6


   Skills:
 - Level 4.0 Short Blades
 - Level 0.7 Throwing
 - Level 2.1 Dodging
 + Level 9.8 Stealth
 - Level 2.0 Spellcasting
 * Level 11.7 Hexes


You had 5 spell levels left.
You knew the following spells:

 Your Spells              Type           Power        Failure   Level  Hunger
a - Corona                Hex            #####..      1%          1    #......
b - Sure Blade            Hex/Chrm       ###.......   2%          2    ###....
c - Confuse               Hex            #####...     1%          3    ####...


Dungeon Overview and Level Annotations

Branches:
Dungeon (5/16)
 Temple: D:4-7

Altars:
Cheibriados
Makhleb
Nemelex Xobeh
Okawaru

Shops:
D:4 +?[!(


Innate Abilities, Weirdness & Mutations

You heal slowly.
You can bottle blood from corpses.
You have razor-sharp teeth.*
You have supernaturally acute eyesight.
You can survive without breathing.*


Message History

The orc priest mumbles some strange prayers to Beogh against you.
Pain shoots through your body!
* * * LOW HITPOINT WARNING * * *
You hit the orc priest but do no damage.
The orc priest is heavily wounded.
The orc priest seems to regain its courage.
The orc priest calls down the wrath of Beogh upon you.
You resist.
You hit the orc priest but do no damage.
The orc priest is heavily wounded.
You hit the orc priest but do no damage.
The orc priest is heavily wounded.
The orc priest completely misses you.
You closely miss the orc priest.
The orc priest is heavily wounded.
You closely miss the orc priest.
The orc priest is heavily wounded.
You feel a little less agile now.
The orc priest hits you with an orcish dagger.
You die...

......#.._..#
#.#
......#.....#
#.#
#####.#######
#.# #%# #.#
#.# #.# #.#
#.# #.# #.#
#.# #.###.#
#.# #.#...####
#.# #.#......#
#@#
#####.#....#.#
#o#
#..........#.#
#.#
#.###.###.##.#
#.#
......#......#
#.#
..#####.#.####
#.#
..#,,...#.#*
#.#
..#,...,.z.*
#.#
#)#....##..*
#.#


You could see an orc priest.

Vanquished Creatures
  The ghost of wojtek the Cudgeler, an average TeGl (D:5)
  The ghost of kuzmorgo the Sneak, an average SpEn (Sewer)
  2 ice beasts
  A centaur (D:5)
  A big kobold (Sewer)
  A water moccasin (D:5)
  3 jellies (D:5)
  A crimson imp (D:5)
  A hound (D:4)
  A giant frog skeleton (D:4)
  2 centaur skeletons
  A big fish (Sewer)
  3 orc priests
  3 orc wizards
  A scorpion (D:5)
  4 gnolls
  A hound skeleton (D:4)
  A green rat (Sewer)
  9 adders
  2 giant mites
  An inept feature mimic (D:3)
  2 worms
  9 giant geckos
  14 orcs
  3 giant cockroaches
  7 goblins
  3 grey rats
  19 hobgoblins
  15 jackals
  11 kobolds
  3 quokkas
  5 bats
  5 giant newts
  9 rats
146 creatures vanquished.

Vanquished Creatures (others)
  A butterfly (D:3)
1 creature vanquished.

Grand Total: 147 creatures vanquished

Notes
Turn   | Place    | Note
--------------------------------------------------------------
     0 | D:1      | PolkaDot, the Vampire Enchanter, began the quest for the Orb.
     0 | D:1      | Reached XP level 1. HP: 13/13 MP: 3/3
   134 | D:1      | Reached XP level 2. HP: 13/19 MP: 0/4
  1104 | D:2      | Learned a level 2 spell: Sure Blade
  1142 | D:2      | Reached XP level 3. HP: 5/24 MP: 0/6
  2391 | D:2      | Reached XP level 4. HP: 5/30 MP: 0/7
  3080 | D:2      | Learned a level 3 spell: Confuse
  3378 | D:3      | Reached skill level 5 in Hexes
  3635 | D:3      | Reached skill level 5 in Stealth
  3762 | D:3      | Noticed an ice beast
  3800 | D:3      | Killed an ice beast
  3800 | D:3      | Reached skill level 6 in Hexes
  3800 | D:3      | Reached XP level 5. HP: 30/35 MP: 6/9
  5050 | D:4      | Found Otearr's Weapon Emporium.
  5170 | D:4      | Found Ymagemul's Distillery.
  5193 | D:4      | Found Igeifeix's Antique Armour Shoppe.
  5203 | D:4      | Bought a brightly glowing leather armour for 140 gold pieces
  5301 | D:4      | Reached XP level 6. HP: 21/41 MP: 10/10
  5354 | D:4      | Found Qocaisus' Magic Scroll Shop.
  5378 | D:4      | Bought a scroll of identify for 24 gold pieces
  5378 | D:4      | Bought a scroll of identify for 24 gold pieces
  5379 | D:4      | Identified the +3 leather armour "Clias" {Str+2 Dex+3 Int-3} (You bought it in a shop on level 4 of the Dungeon)
  5422 | D:4      | Reached skill level 7 in Hexes
  5488 | D:4      | Found a glowing drain.
  5592 | Sewer    | Entered a sewer
  5592 | Sewer    | Noticed kuzmorgo's ghost (average SpEn)
  5631 | Sewer    | Killed kuzmorgo's ghost
  5849 | Sewer    | Reached skill level 8 in Hexes
  5964 | Sewer    | Reached XP level 7. HP: 40/46 MP: 8/12
  6087 | Sewer    | Found a white marble altar of Elyvilon.
  6782 | D:4      | Reached skill level 9 in Hexes
  7386 | D:4      | Found Fryr's Book Emporium.
  7427 | D:5      | Entered Level 5 of the Dungeon
  7615 | D:5      | Reached skill level 10 in Hexes
  7883 | D:5      | Reached XP level 8. HP: 49/52 MP: 7/13
  7931 | D:5      | Found an iron altar of Okawaru.
  7932 | D:5      | Found a sparkling altar of Nemelex Xobeh.
  7936 | D:5      | Found a burning altar of Makhleb.
  8109 | D:5      | Reached skill level 11 in Hexes
  8144 | D:5      | Found a snail-covered altar of Cheibriados.
  8361 | D:5      | Noticed wojtek's ghost (average TeGl)
  8388 | D:5      | Killed wojtek's ghost
  8432 | D:5      | Slain by an orc priest

Action                   |  1- 3 |  4- 6 |  7- 9 || total
-------------------------+-------+-------+-------++-------
Melee: Dagger            |   158 |   207 |   192 ||   557
       Short sword       |    11 |       |       ||    11
Throw: Dart              |    19 |       |       ||    19
 Cast: Corona            |    30 |     9 |     4 ||    43
       Sure Blade        |    13 |     8 |     2 ||    23
       Confuse           |       |    26 |    45 ||    71
 Abil: End Transformatio |       |     1 |     1 ||     2
       Bat Form          |       |     1 |     1 ||     2
Evoke: Wand              |       |       |     2 ||     2
  Use: Potion            |     3 |     3 |     9 ||    15
       Scroll            |     3 |    10 |     5 ||    18
 Stab: Sleeping          |     7 |    13 |     5 ||    25
       Invisible         |     1 |       |       ||     1
       Confused          |       |    11 |    27 ||    38
       Distracted        |       |       |     1 ||     1
